cohdb
Replays
Latest Replays
All Replays
Popular Replays
Top Player Replays
Match Explorer
How It Works
Community
CoH3 Stats
Reddit
Sign in to upload your games and track your stats! →
Sign in with Steam
Match 42889883
Unlisted
Match 42889883
Overview
Messages
Build Orders
End
Royal Engineer Section
Selects Heavy Armor Battlegroup
Construct Section Command Post
Dingo Light Scout Car
Infantry Section
Infantry Section
Royal Engineer Section
Construct Platoon Command Post
Selects Engineer Detachments
6-pounder Anti-tank Gun Team
Construct Field Infirmary
Selects Forward Repair Assembly
Selects UNKNOWN (2162094)
Infantry Section
Grenade Package
Selects Light Vehicle Withdraw and Refit
Construct Company Command Post
Selects UNKNOWN (202330)
Churchill IV Heavy Tank
Churchill IV Heavy Tank
Armored Vehicle Training
Unlock Bishop Self-propelled Artillery
Bishop Self-propelled Artillery
Selects Recon Artillery
squashy
Nele
clippen05
CosmeFulanito
Cylar
JVM
0
0
Comments
sign in to comment!
No comments posted yet!